 Dungeon Crawl Stone Soup version 0.28.0 (webtiles) character file.

Game seed: 10205979480484474723

40 Morbidden the Skirmisher (level 3, -3/29 HPs)
             Began as a Demonspawn Fighter on Feb 7, 2022.
             Slain by Sigmund (8 damage)
             ... on level 2 of the Dungeon.
             The game lasted 00:01:10 (1275 turns).

Morbidden the Skirmisher (Demonspawn Fighter)       Turns: 1275, Time: 00:01:10

Health: -3/29      AC:  7    Str: 18    XL:     3   Next: 30%
Magic:  3/3        EV:  9    Int:  9    God:
Gold:   31         SH:  4    Dex: 12    Spells: 2/2 levels left

rFire   . . .      SeeInvis .   a - +0 war axe
rCold   . . .      Faith    .   c - +0 buckler
rNeg    . . .      Spirit   .   b - +0 scale mail
rPois   .          Reflect  .   (no helmet)
rElec   .          Harm     .   (no cloak)
rCorr   .          Rampage  .   (no gloves)
Will    .....                   (no boots)
Stlth   ..........              (no amulet)
HPRegen 0.09/turn               (no ring)
MPRegen 0.08/turn               (no ring)

@: mighty
A: sharp scales 1
a: no special abilities


You were on level 2 of the Dungeon.
You visited 1 branch of the dungeon, and saw 2 of its levels.

You collected 31 gold pieces.

Inventory:

Hand Weapons
 a - a +0 war axe (weapon)
Armour
 b - a +0 scale mail (worn)
 c - a +0 buckler (worn)
Scrolls
 f - a scroll of noise {unknown}
 g - a scroll of identify {unknown}
 h - a scroll of fear {unknown}


   Skills:
 * Level 3.3 Fighting
 * Level 2.4 Axes
 * Level 3.0 Armour
 * Level 0.6 Dodging
 + Level 2.7 Shields


You had 2 spell levels left.
You didn't know any spells.
Your spell library was empty.

Dungeon Overview and Level Annotations

Branches:
Dungeon (2/15)

Altars:

Annotations:
D:2 Sigmund


Innate Abilities, Weirdness & Mutations

You are partially covered in razor-sharp scales. (AC +1, Slay +1)


Message History

Sigmund struggles against the net.
Unknown command.
You strike the helpless Sigmund from behind!
You hit Sigmund.
Sigmund is moderately wounded.
Sigmund struggles against the net.
Sigmund gestures at you while chanting.
You are confused.
Sigmund struggles against the net.
You hit Sigmund.
Sigmund is moderately wounded.
Unknown command.
You closely miss Sigmund.
Sigmund is moderately wounded.
Sigmund struggles against the net.
The net rips apart, and Sigmund comes free!
Sigmund barely misses you.
Unknown command.
You feel very mighty all of a sudden. Sigmund casts a spell at you.
You are more confused.
Unknown command.
You're too confused to move!
Sigmund hits you but does no damage.
Unknown command.
Sigmund hits you but does no damage.
Unknown command.
You bump into the rock wall.
Sigmund barely misses you.
Unknown command.
Sigmund hits you from afar with a +0 scythe!
Unknown command.
You feel less confused.
Unknown command.
Sigmund points at you and mumbles some strange words.
The puff of flame hits you!
* * * LOW HITPOINT WARNING * * *
Unknown command.
You closely miss Sigmund.
Sigmund is moderately wounded.
Sigmund hits you with a +0 scythe!
You die...

..# #..# #.# ### #..# #.#
..# #..# #.# #.# #..# #.#
#.# #..# #.# #.# #...
####.###.########(####.##
.........................
####.###@########.####.##
......@.................
....###.####.......##.##
## #.# #.......##.# #.#
#.......##.# #.#
#.......##.# #.#
#.......##.# #.#
#........#.# #.#
#........#.#


You could see Sigmund.

Vanquished Creatures
  A dart slug (D:1)
  A bat (D:1)
  An endoplasm (D:1)
  2 giant cockroaches (D:1)
  4 goblins (D:1)
  7 hobgoblins (D:1)
  2 jackals (D:1)
  2 quokkas (D:1)
  A ball python (D:2)
  3 frilled lizards (D:1)
  7 kobolds (D:1)
  5 rats (D:1)
36 creatures vanquished.

Notes
Turn   | Place    | Note
-------+----------+-------------------------------------------
     0 | D:1      | Morbidden the Demonspawn Fighter began the quest for the
                  | Orb.
     0 | D:1      | Reached XP level 1. HP: 18/18 MP: 1/1
   436 | D:1      | Gained mutation: You are partially covered in razor-sharp
                  | scales. (AC +1, Slay +1) [demonic ancestry]
   436 | D:1      | Reached XP level 2. HP: 19/24 MP: 2/2
   787 | D:1      | Reached XP level 3. HP: 23/29 MP: 3/3
  1257 | D:2      | Noticed Sigmund
  1275 | D:2      | Slain by Sigmund

Illustrated notes

Levels and vault maps discovered:
D:1:      tarquinn_simple_flora_water_c, layout_basic
D:2:      layout_basic, grunt_decor_mini_mirrors, uniq_robin, uniq_sigmund

Skill      XL: |  1  2 |
---------------+-------+-----
Axes           | 2 |  2.4
Armour         | 3 |  3.0
Fighting       | |  3.3
Dodging        | |  0.6
Shields        | |  2.7

Action                   || total
-------------------------++-------
Melee: War axe           ||    94
Throw: Throwing net      ||     1
  Use: Potion            ||     1
 Stab: Held in net/web   ||     1
Armor: Scale mail        ||    53
Dodge: Dodged            ||    43
Block: Buckler           ||    14
